Map: Eternal Empire LE

Players

Duke - Winner!

  • Race: Terran Terran
  • League: Silver
  • Spawn Location: 1:00

antagomiR

  • Race: Protoss Protoss
  • League: Gold
  • Spawn Location: 7:00

VOD

Have the link to the VOD?

Description

Time

  • Played on: April 1, 2020, 6:12 p.m.
  • Length: 18:39
Show
View Real Time Build Order
Export as new Build Order

Duke Terran - Winner!

Build Orders:  

Get SALT Encoding   

  12  0:02  SCV  
  13  0:14  SCV  
  13  0:19  Supply Depot  
  14  0:27  SCV  
  15  0:40  SCV  
  16  0:43  Barracks  
  16  0:47  Refinery  
  16  1:02  Barracks  
  16  1:41  Marine  
  17  1:50  Supply Depot  
  17  1:51  Barracks Reactor  
  17  1:59  Marine  
  17  2:00  Orbital Command  
  18  2:17  Marine  
  19  2:23  Factory  
  19  2:34  Engineering Bay  
  19  2:44  Barracks Tech Lab  
  19  2:49  SCV  
  20  2:54  Refinery  
  20  3:02  SCV  
  20  3:03  Terran Infantry Weapons Level 1  
  21  3:08  Factory Tech Lab  
  21  3:14  SCV  
  22  3:26  SCV  
  23  3:31  Marine x2, Marauder  
  27  3:38  SCV  
  28  3:49  Marine x2  
  28  3:50  SCV  
  28  3:53  Supply Depot  
  31  3:59  Combat Shield  
  31  4:15  Marine x2, SCV, Marauder  
  31  4:16  Supply Depot  
  36  4:23  Siege Tank  
  39  4:49  Command Center  
  39  4:57  Terran Infantry Armor Level 1  
  39  5:06  Armory  
  39  5:17  Missile Turret  
  39  5:18  Stimpack  
  31  5:49  Marine, Marauder  
  30  5:50  Marine  
  30  6:03  SCV  
  30  6:04  SCV  
  32  6:07  Marine  
  32  6:08  Marine  
  32  6:10  Marauder  
  36  6:15  SCV  
  36  6:16  SCV  
  38  6:25  Terran Vehicle Weapons Level 1  
  38  6:31  Marauder  
  40  6:37  Starport  
  40  6:39  Starport  
  40  6:45  Marine x2  
  42  6:52  SCV  
  42  6:53  Marauder  
  45  7:03  Marine x2  
  45  7:04  SCV  
  45  7:08  Refinery  
  48  7:10  Orbital Command  
  48  7:11  Refinery  
  48  7:14  Marauder  
  50  7:16  SCV  
  50  7:21  Marine x2, Starport Tech Lab  
  50  7:22  Starport Tech Lab  
  53  7:27  Fusion Core  
  53  7:28  SCV  
  54  7:35  Marine  
  54  7:37  Missile Turret  
  55  7:39  Missile Turret  
  55  7:40  SCV  
  55  7:41  SCV  
  57  7:52  SCV  
  57  7:53  SCV  
  57  7:54  Medivac  
  61  8:03  Supply Depot  
  61  8:19  Terran Vehicle And Ship Armor Level 1  
  61  8:21  Supply Depot  
  61  8:25  Medivac  
  63  8:27  Terran Infantry Weapons Level 2  
  63  8:41  Banshee  
  66  9:13  Command Center  
  66  9:40  SCV x2  
  68  9:52  SCV x2  
  70  10:03  Battlecruiser  
  70  10:04  SCV x2  
  73  10:08  Battlecruiser  
  76  10:16  SCV x2  
  78  10:25  Marine x2, Marauder  
  78  10:28  SCV  
  83  10:33  Supply Depot  
  83  10:39  Supply Depot  
  83  10:42  Supply Depot  
  83  10:43  Marine x2, Terran Infantry Armor Level 2  
  83  10:45  Orbital Command  
  83  10:47  Marauder  
  87  10:55  SCV x2  
  89  11:00  Marine  
  90  11:07  SCV x2, Battlecruiser  
  90  11:08  Marauder  
  83  11:19  SCV  
  83  11:20  Battlecruiser  
  90  11:27  Terran Ship Weapons Level 1  
  90  11:30  Marauder  
  92  11:34  SCV  
  92  11:35  SCV x2  
  95  11:47  SCV x3  
  97  11:51  Marauder  
  97  11:52  Refinery  
  100  11:56  Refinery  
  100  11:59  SCV  
  101  12:11  Raven  
  103  12:24  Medivac  
  105  12:43  SCV  
  105  12:44  SCV  
  107  12:55  Weapon Refit  
  107  12:56  Supply Depot  
  107  12:57  Supply Depot  
  107  12:58  Supply Depot x2, Marauder  
  109  12:59  Marine x2, Terran Infantry Weapons Level 3  
  109  13:01  Thor  
  117  13:17  Marine x2  
  121  13:20  Marauder, Terran Vehicle And Ship Armor Level 2  
  121  13:26  Missile Turret  
  121  13:34  Battlecruiser  
  121  13:35  Marine x2  
  121  13:37  Battlecruiser  
  137  13:41  Marauder  
  137  13:44  Thor, Supply Depot  
  143  13:52  Supply Depot  
  143  13:53  Marine x2  
  143  13:54  Supply Depot  
  145  13:57  Supply Depot x2  
  145  14:02  Marauder  
  147  14:11  Marine x2  
  149  14:23  Marine  
  150  14:27  Thor  
  150  14:28  Armory  
  150  14:29  Marine x2  
  158  14:41  Marine, Command Center  
  158  14:46  Marine x2  
  160  14:59  Marine  
  161  15:10  Thor  
  167  15:29  Command Center  
  167  15:36  Terran Infantry Armor Level 3, Terran Vehicle Weapons Level 2  
  167  15:43  Battlecruiser x2  
  143  16:47  Marine x3, Battlecruiser  
  143  16:48  Battlecruiser  
  143  16:50  Hellion  
  160  17:05  Marine x3  
  161  17:12  Hellion  
  156  17:22  Marine  
  156  17:23  Marine x2  
  142  17:33  Hellion  
  136  17:40  Marine  
  136  17:41  Marine x2  
  139  17:54  Hellion  
  139  17:58  Marine  
  153  17:59  Marine x2  
  153  18:02  Planetary Fortress  
  152  18:16  Marine x3, Hellion  
Show
View Real Time Build Order
Export as new Build Order

antagomiR Protoss 

Build Orders: Zealot Archon 

Get SALT Encoding   

  12  0:01  Probe  
  13  0:13  Probe  
  14  0:25  Probe  
  15  0:29  Pylon  
  15  0:47  Probe  
  16  0:51  Gateway  
  16  0:59  Probe  
  17  1:08  Assimilator  
  17  1:11  Probe  
  18  1:22  Assimilator  
  18  1:23  Probe  
  19  1:40  Cybernetics Core  
  19  1:41  Probe  
  20  1:54  Probe  
  21  2:05  Warp Gate (Chrono Boost)  
  20  2:11  Probe  
  21  2:17  Zealot (Chrono Boost)  
  23  2:26  Pylon  
  23  2:42  Stalker (Chrono Boost)  
  23  2:44  Probe  
  26  2:56  Probe  
  26  2:57  Robotics Facility  
  27  3:08  Probe  
  28  3:14  Gateway  
  28  3:16  Gateway  
  28  3:17  Sentry  
  30  3:21  Probe  
  31  3:42  Pylon  
  31  3:57  Nexus  
  31  4:00  Probe, Observer  
  33  4:12  Probe, Sentry  
  33  4:14  Zealot  
  38  4:24  Probe  
  38  4:28  Shield Battery  
  39  4:41  Pylon  
  39  4:49  Forge  
  39  4:55  Twilight Council  
  39  4:58  Pylon  
  39  4:59  Probe, Immortal  
  42  5:07  Assimilator  
  42  5:14  Zealot x2  
  42  5:15  Zealot  
  42  5:18  Protoss Ground Weapons Level 1 (Chrono Boost)  
  48  5:22  Probe x2  
  50  5:34  Probe x2  
  50  5:35  Templar Archives  
  46  5:46  Probe x2  
  46  5:51  Stalker x3  
  52  5:58  Probe x2  
  54  6:11  Assimilator  
  54  6:16  Charge (Chrono Boost)  
  54  6:17  Gateway x2  
  54  6:26  Warp Prism  
  56  6:34  Pylon  
  56  6:57  Zealot  
  58  7:02  Probe  
  58  7:03  Immortal  
  58  7:04  Probe  
  64  7:14  Protoss Ground Weapons Level 2 (Chrono Boost), Probe  
  65  7:16  Probe  
  65  7:18  High Templar x2  
  70  7:55  Archon  
  70  8:43  Dark Shrine  
  70  8:46  Nexus  
  70  9:06  Pylon  
  70  9:08  Pylon  
  70  9:15  Pylon  
  70  9:19  Pylon  
  70  9:23  Probe x2  
  70  9:24  Immortal  
  70  9:30  High Templar x3  
  70  9:31  High Templar  
  82  9:35  Probe x2  
  84  9:46  Archon  
  84  9:47  Probe x2, Archon  
  86  9:54  Pylon  
  86  9:57  Pylon  
  86  9:59  Probe  
  87  10:04  Observer  
  84  10:23  High Templar x3  
  84  10:24  High Templar  
  84  10:25  Immortal  
  96  10:41  Gateway  
  96  10:43  Gateway  
  96  10:47  Shield Battery  
  96  10:48  Gateway x2, Photon Cannon  
  96  10:50  Photon Cannon  
  96  10:57  Zealot x3  
  98  10:59  Archon  
  98  11:00  Archon  
  99  11:18  Zealot  
  99  11:19  Zealot x3  
  107  11:36  Assimilator  
  107  11:41  Assimilator  
  107  11:42  Probe  
  107  11:43  Probe x2  
  110  11:51  Observer  
  111  11:54  Probe  
  111  12:00  High Templar x3  
  111  12:01  High Templar x4  
  126  12:11  Archon x3  
  126  12:12  Pylon  
  126  12:14  Zealot  
  126  12:15  Pylon  
  128  12:17  Pylon  
  127  12:43  Zealot  
  129  13:01  Zealot  
  129  13:02  Zealot x3  
  137  13:10  Zealot x2  
  137  13:11  Zealot  
  129  13:23  Zealot x5  
  129  13:24  Zealot x3  
  145  13:46  Nexus  
  145  13:50  Pylon  
  145  13:52  High Templar x5, Pylon  
  145  13:53  High Templar  
  157  14:02  Pylon  
  157  14:07  Pylon  
  157  14:10  Photon Cannon  
  157  14:21  Probe, Photon Cannon  
  157  14:22  Probe x2  
  157  14:23  Photon Cannon  
  160  14:25  Photon Cannon  
  160  14:26  Photon Cannon  
  160  14:29  Photon Cannon  
  160  14:32  Photon Cannon  
  160  14:33  Shield Battery  
  160  14:34  Probe  
  161  14:38  Shield Battery  
  161  14:42  Pylon  
  161  15:00  Probe x2  
  161  15:03  High Templar x3  
  161  15:04  High Templar x3  
  161  15:05  High Templar x3  
  181  15:09  Immortal  
  185  15:25  Archon  
  185  15:26  Archon x3  
  185  15:47  Photon Cannon  
  180  15:50  Pylon  
  180  15:52  Pylon  
  180  15:53  Pylon  
  180  15:54  Pylon  
  162  15:59  Stalker x5  
  162  16:00  Stalker x4  
  148  16:28  Stalker x2  
  148  16:29  Stalker x4  
  148  16:30  Stalker  
  162  16:58  Stargate  
  162  17:00  Stargate  
  162  17:01  Stargate  
  162  17:03  Pylon, Assimilator  
  162  17:08  Assimilator  
  162  17:20  Pylon  
  162  17:22  Sentry x2  
  138  17:23  Sentry x2  
  108  17:33  Archon  
  66  17:46  Zealot x4  
  66  17:47  Zealot x4  
  66  17:48  Zealot  
  81  18:11  Zealot x5  
  81  18:12  Zealot x2  
  79  18:15  Zealot x2  
Tags
 
Composition
Zealot Archon
Matchup
PvT
Replay Pack
20200422
Spawn Locations
Cross Positions
Add a new tag
Caveats
  • Supply blocks, unpowered buildings, or Contaminate may cause inaccurate times.
  • Supply counts are checked every 10 seconds.